 Dungeon Crawl Stone Soup version 0.29-a0-414-g5075937ec3 (webtiles) character file.

Game seed: 15289898663240432512

504 chopper the Chopper (level 6, -1/50 (55) HPs)
             Began as a Minotaur Fighter on May 16, 2022.
             Was a Follower of Nemelex Xobeh.
             Slain by a wight
             ... wielding a +5 short sword of freezing
              (7 damage)
             ... on level 4 of the Dungeon.
             The game lasted 00:21:44 (3860 turns).

chopper the Chopper (Minotaur Fighter)              Turns: 3860, Time: 00:21:49

HP:   -1/50 (55)    AC: 11    Str: 22    XL:     6   Next: 96%
MP:   5/5           EV: 10    Int:  5    God:    Nemelex Xobeh [*.....]
Gold: 78            SH:  0    Dex: 10    Spells: 5/5 levels left

rFire   . . .      SeeInvis +   a - +3 war axe
rCold   . . .      Faith    .   c - +0 buckler
rNeg    . . .      Spirit   .   e - +4 ring mail
rPois   .          Reflect  .   (helmet restricted)
rElec   .          Harm     .   (no cloak)
rCorr   .          Rampage  .   (no gloves)
Will    +....                   u - +0 pair of boots
Stlth   ..........              (no amulet)
HPRegen 0.16/turn               m - ring of see invisible
MPRegen 0.09/turn               A - ring of willpower

@: confused, ambrosia-drunk, drained
A: horns 2, retaliatory headbutt
a: Renounce Religion, Draw Escape, Draw Destruction, Draw Summoning


You were on level 4 of the Dungeon.
You worshipped Nemelex Xobeh.
Nemelex Xobeh was aware of your devotion.
You visited 1 branch of the dungeon, and saw 4 of its levels.

You collected 256 gold pieces.
You spent 178 gold pieces at shops.

Inventory:

Hand Weapons
 a - a +3 war axe (weapon)
 B - a +4 whip
 C - a +2 flail of venom
Armour
 b - a +0 scale mail
 c - a +0 buckler (worn)
 e - a +4 ring mail (worn)
 u - a +0 pair of boots (worn)
Jewellery
 m - a ring of see invisible (left hand)
 A - a ring of willpower (right hand)
Scrolls
 g - 2 scrolls of teleportation
 i - a scroll of vulnerability {unknown}
 k - a scroll of brand weapon {unknown}
 l - a scroll of fog {unknown}
 n - a scroll of immolation {unknown}
 p - a scroll of noise {unknown}
 v - 2 scrolls of blinking {unknown}
 w - 2 scrolls of identify {unknown}
 y - a scroll of fear {unknown}
Potions
 d - a potion of might
 f - a potion of attraction {unknown}
 h - a potion of degeneration {unknown}
 j - 2 potions of flight {unknown}
 o - a potion of invisibility {unknown}
 q - 2 potions of heal wounds {unknown}
 r - a potion of resistance {unknown}
 s - 2 potions of cancellation {unknown}
 x - a potion of curing
 z - a potion of mutation {unknown}


   Skills:
 + Level 4.9 Fighting
 + Level 6.3 Axes
 + Level 5.1 Armour
 + Level 1.9 Dodging
 + Level 1.2 Stealth
 + Level 4.4 Shields


You had 5 spell levels left.
You didn't know any spells.
Your spell library was empty.

Dungeon Overview and Level Annotations

Branches:
Dungeon (4/15)
 Temple: D:4-7

Altars:
Elyvilon
Hepliaklqana
Nemelex Xobeh
Okawaru
Xom

Shops:
D:3 *   D:4 ![


Innate Abilities, Weirdness & Mutations

You have a pair of horns on your head.
You reflexively headbutt those who attack you in melee.


Message History

The wight attacks as you move away! The wight closely misses you.
The wight attacks as you move away! The wight closely misses you.
The wight attacks as you move away! The wight closely misses you.
You see here a +0 robe.
The wight attacks as you move away! The wight closely misses you.
There is a stone staircase leading up here.
You slash the wight!
The wight is almost destroyed.
The wight closely misses you.
You closely miss the wight.
The wight is almost destroyed.
The wight hits you with a +0 hand axe.
You hit the wight but do no damage.
The wight is almost destroyed.
You closely miss the wight. You block the wight's attack.
The wight hits you with a +0 hand axe!
You barely miss the wight.
The wight is almost destroyed.
You hit the wight but do no damage. The wight hits you but does no damage.
You hit the wight.
You destroy the wight!
You hit the wight.
The wight hits you with a +5 short sword of freezing.
You feel drained. The wight freezes you.
The wight hits you with a +5 short sword of freezing.
You feel drained. The wight freezes you. The wight barely misses you.
You furiously retaliate!
You headbutt the wight! You barely miss the wight.
Your headbutt misses the wight.
The wight is moderately damaged.
You hit the wight but do no damage. The wight hits you with a +0 battleaxe!
You feel drained.
* * * LOW HITPOINT WARNING * * *
You block the wight's attack.
It was a potion of ambrosia.
You are confused.
You feel invigorated. The wight hits you with a +0 battleaxe!
* * * LOW HITPOINT WARNING * * *
The wight hits you with a +5 short sword of freezing!
You die...
Your body disappears without a glow.

..........## #.....#..†......
...####....# ##..............
..## ##...# #..............
..######...# #..............
...........########..............
#................................
#......................z.........
...#######......z[.###...........
..## ##.....@z.# ###......... ..#
#.........# ##.......# .##
##......^..## ##....... .#
#...........# ##...... ##
#..#########.# #...... .#
#.###........# ##..... .#
##.##..8...8..## #..... ..#
#..#...........# #..... ...##
#..#⌠..........# ##.....


You could see 2 wights.

Vanquished Creatures
  A phantom (D:4)
  A kobold brigand (D:4)
  2 wights (D:4)
  An orc priest (D:4)
  2 orc wizards (D:4)
  3 gnolls (D:3)
  4 adders
  3 worms
  A dart slug (D:1)
  5 orcs (D:4)
  7 ball pythons
  9 bats
  10 endoplasms
  3 giant cockroaches
  8 hobgoblins
  4 jackals (D:1)
  3 kobolds
  3 quokkas
  4 frilled lizards
  15 goblins
  9 rats
98 creatures vanquished.

Notes
Turn   | Place    | Note
-------+----------+-------------------------------------------
     0 | D:1      | chopper the Minotaur Fighter began the quest for the Orb.
     0 | D:1      | Reached XP level 1. HP: 19/19 MP: 0/0
   154 | D:1      | Reached XP level 2. HP: 20/27 MP: 1/1
   719 | D:1      | Reached XP level 3. HP: 33/33 MP: 2/2
  1191 | D:2      | Reached skill level 3 in Axes
  1493 | D:2      | Reached XP level 4. HP: 36/40 MP: 3/3
  2075 | D:3      | Found Usegoapn's General Store.
  2126 | D:3      | Bought a scroll of enchant weapon for 97 gold pieces
  2250 | D:3      | Reached skill level 4 in Axes
  2256 | D:3      | Reached skill level 1 in Dodging
  2418 | D:3      | Bought a scroll of teleportation for 39 gold pieces
  2476 | D:3      | Found an iron altar of Okawaru.
  2584 | D:3      | Found a white marble altar of Elyvilon.
  2585 | D:3      | Found a hazy altar of Hepliaklqana.
  2589 | D:3      | Found a shimmering altar of Xom.
  2690 | D:4      | Found a sparkling altar of Nemelex Xobeh.
  2703 | D:4      | Became a worshipper of Nemelex Xobeh the Trickster
  2713 | D:4      | Noticed a phantom
  2723 | D:4      | Killed a phantom
  2724 | D:4      | Reached XP level 5. HP: 47/47 MP: 4/4
  2727 | D:4      | Found Roxzinnu's Distillery.
  2749 | D:4      | Bought a potion of curing for 42 gold pieces
  3021 | D:4      | Reached skill level 5 in Axes
  3197 | D:4      | Found Jiant's Armour Boutique.
  3258 | D:4      | Reached skill level 1 in Stealth
  3258 | D:4      | Reached XP level 6. HP: 39/53 MP: 5/5
  3378 | D:4      | Reached skill level 5 in Armour
  3733 | D:4      | Reached skill level 6 in Axes
  3766 | D:4      | Reached * piety under Nemelex Xobeh
  3860 | D:4      | Slain by a wight

Illustrated notes

Levels and vault maps discovered:
D:1:      noname_arrival_rooms_in_the_neighbourhood, layout_loops_corners,
          minmay_misc_feat_enclosed
D:2:      layout_basic
D:3:      layout_rooms, mainiacjoe_overflow_surrounded_room,
          chequers_temple_overflow_statue_of_worship, serial_shops, shop
D:4:      cheibrodos_pilgrimage, layout_layer_cave,
          mainiacjoe_overflow_tiny_flanked, serial_shops, shop,
          nicolae_shop_competitors_out_of_business, shop, minmay_goblin_outpost

Skill      XL: |  1  2  3  4  5  6 |
---------------+-------------------+-----
Armour         | 4 5 |  5.1
Fighting       | 4 |  4.9
Axes           | 3 4 5 6 |  6.3
Shields        | 4 |  4.4
Dodging        | 1 |  1.9
Stealth        | 1 |  1.2

Action                   |  1- 3 |  4- 6 || total
-------------------------+-------+-------++-------
Melee: War axe           |    93 |    88 ||   181
       Headbutt          |    11 |     8 ||    19
  Use: Scroll            |       |     3 ||     3
       Potion            |       |     1 ||     1
Armor: Ring mail         |    38 |    45 ||    83
Dodge: Dodged            |    46 |    61 ||   107
Block: Buckler           |    17 |    21 ||    38

Table legend: (Time is in decaauts)
 A = Elapsed time spent in this place.
 B = Non-inter-level travel time spent in this place.
 C = Inter-level travel time spent in this place.
 D = Time resting spent in this place.
 E = Time spent auto-exploring this place.
 F = Levels seen in this place.
 G = Mean time per level.
                   A        B        C        D        E       F      G
               +--------+--------+--------+--------+--------+-----+--------+
         Total |   3920 |   3920 |      0 |     81 |      0 |   4 |  980.0 |
       Dungeon |   3920 |   3920 |      0 |     81 |      0 |   4 |  980.0 |
               +--------+--------+--------+--------+--------+-----+--------+

Top non-repeatable levels by time:
     D:4: 1186 daAuts
     D:1: 1149 daAuts
     D:2: 962 daAuts
     D:3: 623 daAuts
